Map: Dusty Gorge

Players

llllllllllll

  • Race: Terran Terran
  • League: Master
  • Spawn Location: 3:00

PandAscHibA

  • Race: Zerg Zerg
  • League: Master
  • Spawn Location: 5:00

PureLegacy - Winner!

  • Race: Terran Terran
  • Spawn Location: 11:00

LOADBLASTER - Winner!

  • Race: Terran Terran
  • League: Grandmaster
  • Spawn Location: 9:00

VOD

Have the link to the VOD?

Description

Time

  • Played on: Dec. 1, 2018, 11:41 a.m.
  • Length: 11:49
Show
View Real Time Build Order
Export as new Build Order

llllllllllll Terran 

Build Orders:  

Get SALT Encoding   

  12  0:01  SCV  
  13  0:13  SCV  
  14  0:19  Supply Depot  
  14  0:25  SCV  
  15  0:40  SCV  
  15  0:42  Barracks  
  16  0:46  Refinery  
  16  0:52  SCV  
  17  1:04  SCV  
  18  1:18  SCV  
  19  1:19  Barracks  
  19  1:28  Barracks Tech Lab  
  19  1:30  Orbital Command  
  19  1:47  Marauder, Concussive Shells  
  21  1:56  Supply Depot  
  21  2:06  Barracks Tech Lab  
  21  2:09  Marauder  
  23  2:16  Refinery  
  23  2:26  Marauder  
  25  2:31  Marauder  
  25  2:32  SCV  
  28  2:39  Supply Depot  
  28  2:44  SCV  
  29  3:02  Marauder  
  29  3:03  SCV  
  32  3:11  Command Center  
  32  3:16  Factory  
  32  3:19  Stimpack  
  32  3:25  SCV  
  33  3:29  Marauder  
  35  3:36  Marauder  
  35  3:40  SCV  
  38  3:48  Supply Depot  
  38  3:54  Marine  
  39  4:09  SCV  
  42  4:10  Marauder  
  42  4:14  Factory Tech Lab  
  42  4:15  Supply Depot  
  40  4:28  Marine  
  40  4:31  Marine  
  38  4:39  Cyclone, Mag-Field Accelerator  
  38  4:41  Starport  
  35  4:46  SCV  
  35  4:48  Orbital Command  
  36  4:58  SCV  
  37  5:10  SCV  
  37  5:11  Cyclone  
  37  5:12  Marine  
  42  5:15  SCV  
  42  5:17  Marine  
  42  5:19  Starport Reactor  
  44  5:22  SCV  
  44  5:27  SCV  
  46  5:30  Marine  
  46  5:31  Barracks  
  46  5:35  SCV  
  48  5:39  SCV  
  49  5:43  Marine  
  49  5:44  Combat Shield  
  49  5:47  Marine, SCV  
  52  5:51  SCV  
  52  5:54  Siege Tank  
  52  5:56  Medivac  
  58  5:59  SCV  
  58  6:02  Marine  
  58  6:03  SCV  
  61  6:08  Supply Depot x2  
  61  6:11  Marine, SCV  
  62  6:15  SCV  
  62  6:18  Barracks Reactor  
  64  6:21  Marine  
  64  6:24  Refinery  
  65  6:25  Refinery  
  65  6:28  Siege Tank  
  65  6:30  Marine  
  69  6:33  SCV  
  69  6:37  SCV  
  69  6:39  Marine  
  72  6:41  Command Center  
  69  6:48  Marine  
  70  6:56  Marine x3  
  70  6:59  SCV  
  70  7:00  Medivac x2  
  70  7:01  SCV  
  79  7:06  Marine  
  80  7:11  SCV  
  80  7:13  SCV  
  80  7:14  Marine  
  82  7:16  Marine x2  
  83  7:23  SCV  
  83  7:24  Marine  
  83  7:25  Engineering Bay x2  
  83  7:27  Supply Depot  
  83  7:28  Supply Depot  
  83  7:29  SCV  
  86  7:32  Liberator  
  86  7:49  Marine, SCV x2  
  86  7:50  Siege Tank  
  95  7:53  Marine x3  
  98  8:01  SCV  
  99  8:06  Terran Infantry Armor Level 1, Terran Infantry Weapons Level 1, Marine  
  99  8:10  Marine  
  99  8:11  Factory  
  101  8:15  Marine x2  
  101  8:18  Orbital Command  
  103  8:22  SCV  
  103  8:24  Marine  
  105  8:28  Marine  
  105  8:33  Marine x2, SCV  
  109  8:34  Medivac x2  
  109  8:37  SCV  
  114  8:42  Marine  
  114  8:45  SCV  
  114  8:46  Marine  
  117  8:55  Barracks  
  117  9:03  Marine, SCV  
  117  9:04  Marine x2  
  117  9:05  Marine, Siege Tank  
  117  9:09  SCV  
  111  9:10  SCV  
  111  9:17  SCV  
  111  9:21  Marine, SCV  
  111  9:22  Marine x3  
  117  9:41  Supply Depot  
  117  9:44  Marine x4, SCV x3  
  124  9:47  Factory Tech Lab  
  124  9:50  Barracks Reactor  
  124  9:55  Barracks, Supply Depot  
  124  9:56  SCV  
  125  10:00  Liberator  
  125  10:02  Marine, SCV x2, Siege Tank  
  125  10:04  Marine  
  125  10:05  Marine  
  133  10:17  SCV x3  
  133  10:20  Marine  
  140  10:21  Marine  
  140  10:28  Supply Depot, Marine x2, Armory  
  143  10:33  SCV  
  144  10:37  Marine x2  
  144  10:39  Siege Tank  
  144  10:40  Sensor Tower  
  146  10:45  Command Center  
  132  10:51  Marine  
  132  10:52  Marine  
  132  10:53  SCV  
  132  10:54  SCV  
  136  10:57  SCV  
  136  10:58  Refinery x2, Marine x2  
  139  11:09  Marine x3  
  139  11:10  SCV  
  139  11:11  Marine, Siege Tank x2  
  125  11:12  SCV  
  125  11:14  Marine  
  125  11:16  Marine  
  125  11:17  Marine  
  126  11:20  SCV  
  127  11:27  Marine  
  127  11:28  Marine  
  127  11:29  Marine x2  
  127  11:32  SCV  
  137  11:33  SCV  
Show
View Real Time Build Order
Export as new Build Order

PandAscHibA Zerg 

Build Orders: Hatch First 

Get SALT Encoding   

  12  0:01  Drone  
  13  0:12  Overlord  
  13  0:18  Drone  
  14  0:30  Drone x2  
  14  0:35  Drone  
  17  0:53  Hatchery  
  17  0:55  Drone  
  17  1:02  Drone  
  18  1:05  Extractor  
  17  1:18  Spawning Pool  
  16  1:19  Drone  
  16  1:21  Drone  
  18  1:29  Drone  
  19  1:39  Overlord  
  19  2:05  Queen x2  
  23  2:11  Metabolic Boost  
  23  2:14  Drone x4  
  27  2:27  Drone  
  28  2:32  Overlord  
  28  2:33  Overlord  
  28  2:41  Baneling Nest  
  27  2:54  Hatchery  
  26  3:02  Zergling x2  
  26  3:03  Zergling x6  
  30  3:11  Zergling x4  
  32  3:18  Zergling x8  
  36  3:28  Overlord  
  36  3:32  Zergling x4  
  36  3:33  Zergling x2  
  39  3:40  Baneling  
  39  3:41  Baneling x3  
  39  3:42  Baneling x2  
  39  3:50  Zergling x6  
  39  3:51  Zergling x2  
  42  4:06  Zergling x10  
  46  4:20  Zergling x8  
  46  4:21  Zergling x2  
  43  4:36  Zergling x14  
  43  4:59  Drone x4  
  46  5:00  Drone  
  46  5:02  Drone x3  
  49  5:17  Spore Crawler  
  49  5:18  Spore Crawler  
  49  5:20  Spore Crawler  
  46  5:21  Drone x2  
  48  5:30  Drone x2  
  48  5:32  Overlord  
  50  5:35  Spore Crawler  
  50  5:39  Drone  
  50  5:44  Overlord x3  
  50  5:48  Overlord  
  51  5:51  Drone x2  
  52  6:05  Queen  
  52  6:07  Drone x3  
  57  6:14  Lair  
  57  6:16  Drone x4  
  57  6:18  Drone  
  62  6:38  Zergling x2  
  62  6:39  Zergling x16, Extractor  
  70  6:50  Baneling x2  
  70  6:51  Baneling x8  
  70  7:02  Overlord x3  
  70  7:03  Drone x5  
  70  7:07  Zergling x6  
  56  7:24  Drone x5  
  61  7:31  Centrifical Hooks  
  61  7:37  Drone x5  
  61  7:38  Drone x3  
  61  7:41  Drone x3, Evolution Chamber x2  
  70  7:48  Baneling x2  
  70  7:49  Baneling  
  70  7:53  Baneling  
  70  7:57  Extractor  
  69  7:59  Extractor  
  69  8:03  Hatchery  
  67  8:07  Zergling x2  
  67  8:08  Zergling x26  
  81  8:19  Zerg Melee Weapons Level 1  
  81  8:24  Drone x2  
  83  8:28  Zergling x8  
  86  8:43  Zerg Ground Armor Level 1  
  86  8:44  Queen x3  
  92  8:55  Zergling x24  
  101  8:58  Baneling x9  
  104  9:08  Zergling x4  
  106  9:10  Overlord x3  
  106  9:14  Extractor  
  93  9:33  Drone  
  93  9:34  Drone x3  
  93  9:35  Queen x3  
  102  9:41  Infestation Pit  
  102  9:45  Extractor  
  100  9:46  Zergling x2  
  100  9:47  Zergling x22  
  112  10:01  Zergling x4  
  112  10:02  Zergling x4  
  112  10:04  Baneling x6  
  112  10:05  Baneling  
  115  10:14  Infestation Pit  
  114  10:22  Zergling x22  
  125  10:31  Baneling x4  
  125  10:36  Overlord x2  
  124  10:49  Zergling x2  
  120  10:50  Zergling x14  
  120  10:56  Baneling x5  
  127  11:03  Overlord x3  
  127  11:04  Spire, Zergling x2  
  62  11:21  Zergling x2  
  62  11:22  Zergling x6  
  66  11:29  Zergling x2  
Show
View Real Time Build Order
Export as new Build Order

PureLegacy Terran - Winner!

Build Orders: Reaper Expand 

Get SALT Encoding   

  12  0:00  SCV  
  13  0:12  SCV  
  14  0:18  Supply Depot  
  14  0:25  SCV  
  15  0:40  SCV  
  15  0:41  Barracks  
  16  0:51  Refinery  
  16  0:52  SCV  
  18  1:04  SCV  
  18  1:16  SCV  
  19  1:29  Orbital Command  
  19  1:34  Reaper  
  20  1:46  Command Center  
  20  1:55  SCV  
  20  1:57  Supply Depot  
  21  2:09  SCV  
  21  2:11  Barracks Reactor  
  22  2:25  SCV  
  22  2:28  Command Center  
  23  2:37  SCV  
  23  2:38  Bunker  
  23  2:42  Barracks  
  24  2:49  Barracks  
  24  2:51  SCV  
  25  2:55  Marine x2  
  27  3:02  Orbital Command  
  26  3:06  SCV  
  27  3:15  Marine x2  
  27  3:18  SCV  
  30  3:31  Barracks Tech Lab  
  30  3:33  Marine x2  
  32  3:35  SCV x2  
  32  3:39  Marine  
  35  3:42  Orbital Command  
  35  3:44  Bunker  
  35  3:50  Marine  
  35  3:52  Marine x2  
  38  3:56  SCV x2  
  38  4:01  Stimpack  
  40  4:09  SCV  
  42  4:10  SCV x2  
  42  4:11  Marine x4  
  47  4:24  SCV  
  47  4:25  SCV  
  47  4:29  Marine x3  
  50  4:32  Marine  
  51  4:44  Barracks  
  51  4:45  SCV x2  
  51  4:46  Barracks, Marine  
  51  4:47  Factory, Marine x2, SCV  
  55  4:53  Refinery x2  
  55  4:56  Marine  
  56  5:00  SCV x3  
  56  5:04  Supply Depot x2  
  59  5:12  SCV x2  
  61  5:16  Refinery  
  61  5:19  Barracks Reactor  
  61  5:26  SCV x2  
  61  5:27  SCV  
  61  5:28  Marine x3  
  66  5:30  Supply Depot  
  66  5:34  Starport  
  66  5:35  Factory Reactor  
  67  5:42  Barracks Reactor x2  
  67  5:43  SCV x2  
  67  5:47  Marine x3  
  72  5:55  SCV  
  72  5:56  Engineering Bay x2  
  72  5:57  SCV  
  74  6:02  Orbital Command  
  74  6:04  Marine x2  
  75  6:08  SCV  
  75  6:09  Supply Depot, SCV  
  78  6:13  Combat Shield  
  78  6:19  Medivac  
  78  6:20  Medivac  
  78  6:21  Factory Tech Lab  
  78  6:24  SCV x2  
  78  6:25  Supply Depot  
  83  6:31  Marine x5  
  83  6:32  Marine x3  
  91  6:36  SCV x2  
  93  6:40  Sensor Tower  
  93  6:41  SCV  
  96  6:47  Siege Tank  
  96  6:48  SCV  
  96  6:50  Terran Infantry Armor Level 1, Terran Infantry Weapons Level 1  
  96  6:52  Supply Depot  
  96  6:57  SCV x2  
  96  7:00  SCV  
  99  7:05  Supply Depot x3  
  99  7:08  Supply Depot  
  99  7:11  Medivac  
  99  7:13  Medivac  
  101  7:21  Marine x5  
  101  7:22  Marine x4  
  101  7:25  Refinery  
  101  7:26  Refinery, SCV x2  
  103  7:35  Armory  
  103  7:36  Factory  
  103  7:38  Supply Depot  
  103  7:40  Siege Tank  
  106  7:47  Marine x5  
  106  7:48  Marine  
  106  7:49  Marine  
  113  7:55  SCV  
  113  7:56  SCV  
  115  7:58  SCV  
  115  8:00  Supply Depot  
  115  8:02  Marine  
  115  8:03  Barracks  
  117  8:06  Barracks, Supply Depot  
  117  8:12  Siege Tank  
  120  8:16  Marine  
  120  8:17  Marine x3  
  114  8:22  Marine x3  
  114  8:23  Marine, Command Center  
  114  8:25  Factory Tech Lab  
  114  8:26  Terran Vehicle Weapons Level 1  
  118  8:34  Supply Depot  
  118  8:40  SCV x3  
  121  8:42  Missile Turret  
  121  8:44  Missile Turret x2  
  121  8:45  Supply Depot  
  121  8:47  Siege Tank  
  124  8:51  Terran Infantry Armor Level 2  
  124  8:54  Terran Infantry Weapons Level 2  
  124  9:01  Supply Depot, Barracks Tech Lab x2  
  124  9:03  Barracks Reactor  
  124  9:04  Barracks Reactor  
  124  9:09  Marine  
  104  9:10  Marine  
  104  9:12  Marine  
  104  9:13  Marine x3  
  104  9:14  Siege Tank  
  104  9:15  Medivac x2  
  117  9:23  Siege Tank  
  120  9:24  Marine x2  
  120  9:29  Marine x3  
  125  9:36  Marine x2  
  125  9:37  Marine  
  83  9:45  Medivac x2  
  118  9:48  Missile Turret x3  
  118  9:49  Missile Turret  
  118  9:52  Missile Turret  
  122  9:54  Siege Tank  
  125  10:00  SCV x3  
  125  10:03  Marine  
  125  10:04  Marine x5  
  134  10:08  Missile Turret  
  134  10:09  Missile Turret  
  134  10:14  Supply Depot  
  134  10:15  Medivac x2, Marine x3  
  140  10:23  Marine x3  
  143  10:29  Marine x2  
  143  10:33  Siege Tank  
  148  10:36  Marine  
  148  10:37  Marine x5  
  148  10:38  Marine  
  148  10:39  Siege Tank  
  154  10:45  Medivac x2  
  148  10:50  Marine x6  
  148  10:54  Marine x2  
  148  10:55  Marine x4  
  148  10:56  Marine  
  148  11:05  Siege Tank  
  148  11:07  Marine  
  148  11:08  Marine x3  
  151  11:12  Marine x2  
  151  11:15  Medivac x2  
  151  11:16  Marine x5  
  151  11:17  Marine x2  
  164  11:25  Marine  
  164  11:26  Marine x2  
  164  11:28  Refinery  
  164  11:29  Refinery  
  164  11:30  SCV x3  
Show
View Real Time Build Order
Export as new Build Order

LOADBLASTER Terran - Winner!

Build Orders: Mech 

Get SALT Encoding   

  12  0:00  SCV  
  13  0:13  SCV  
  14  0:18  Supply Depot  
  14  0:25  SCV  
  15  0:40  SCV  
  15  0:41  Barracks  
  16  0:45  Refinery  
  16  0:52  SCV  
  17  1:04  SCV  
  18  1:16  SCV  
  19  1:28  Marine  
  19  1:29  Orbital Command  
  20  1:48  Command Center  
  20  1:51  Barracks Reactor  
  20  2:00  SCV  
  21  2:06  Factory  
  21  2:12  Supply Depot  
  21  2:15  SCV  
  22  2:27  SCV  
  23  2:32  Bunker  
  23  2:33  Marine x2  
  25  2:40  SCV  
  26  2:50  Factory Tech Lab, Starport  
  26  2:51  Marine  
  26  2:52  Marine  
  26  2:57  SCV  
  29  3:02  Orbital Command  
  29  3:09  SCV  
  30  3:13  Marine x2  
  32  3:21  SCV  
  33  3:29  SCV  
  33  3:31  Marine x2, Banshee  
  33  3:33  SCV  
  40  3:37  Supply Depot  
  40  3:41  SCV  
  40  3:43  Factory Tech Lab  
  40  3:45  SCV  
  42  3:49  Marine x2  
  42  3:53  SCV  
  42  3:54  Supply Depot  
  45  3:58  SCV  
  46  4:08  Supply Depot  
  46  4:10  Supply Depot  
  46  4:15  Marine  
  46  4:16  SCV  
  46  4:19  Marine  
  46  4:22  SCV  
  44  4:28  SCV  
  40  4:34  Marine, SCV, Command Center  
  41  4:40  SCV, Siege Tank  
  42  4:46  SCV  
  42  4:50  Refinery x2  
  42  4:52  SCV  
  43  4:58  SCV  
  41  5:04  SCV  
  42  5:11  SCV  
  43  5:16  SCV  
  43  5:20  Supply Depot x2  
  44  5:21  Barracks Reactor  
  44  5:23  SCV  
  45  5:29  SCV  
  45  5:35  Refinery, SCV  
  47  5:40  Armory  
  47  5:41  SCV  
  45  5:47  SCV  
  46  5:51  Orbital Command  
  46  5:53  SCV  
  47  5:59  SCV  
  47  6:03  Factory  
  48  6:04  Factory  
  48  6:05  SCV  
  51  6:11  Hellion, SCV, Starport  
  51  6:12  Hellion  
  51  6:13  Barracks Reactor  
  51  6:17  SCV  
  55  6:23  SCV  
  56  6:28  Supply Depot  
  56  6:29  SCV, Orbital Command  
  56  6:30  Terran Vehicle Weapons Level 1  
  59  6:33  Hellion  
  59  6:35  SCV  
  60  6:41  SCV  
  61  6:47  SCV  
  61  6:53  SCV  
  69  6:57  SCV  
  69  6:59  SCV  
  65  7:01  Thor x2  
  65  7:05  SCV  
  65  7:06  Hellion x2  
  82  7:09  SCV  
  82  7:11  Medivac  
  82  7:12  SCV  
  85  7:17  SCV  
  85  7:21  SCV  
  85  7:24  SCV  
  85  7:27  Hellion  
  85  7:28  Factory, Hellion  
  85  7:29  Factory  
  91  7:30  SCV  
  91  7:36  Supply Depot  
  91  7:37  Supply Depot  
  91  7:38  SCV  
  91  7:39  SCV  
  91  7:42  SCV  
  94  7:47  Medivac  
  94  7:48  Siege Tank  
  94  7:50  SCV  
  100  7:51  Refinery  
  100  7:54  Refinery, SCV  
  100  7:58  SCV  
  102  8:01  Infernal Pre-Igniter  
  102  8:02  SCV  
  103  8:06  SCV  
  103  8:07  Engineering Bay  
  103  8:08  Hellion  
  103  8:10  SCV  
  107  8:14  Supply Depot, SCV  
  107  8:15  Factory Reactor  
  107  8:16  Factory Tech Lab  
  107  8:18  SCV  
  109  8:22  SCV, Siege Tank  
  109  8:26  SCV  
  114  8:31  Supply Depot x2  
  114  8:34  Terran Vehicle Weapons Level 2, SCV  
  115  8:35  SCV  
  115  8:36  Hellion  
  115  8:39  Siege Tank  
  123  8:41  Hellion  
  123  8:43  SCV  
  124  8:52  Command Center  
  124  8:55  Sensor Tower, Siege Tank  
  124  9:00  Siege Tank  
  124  9:01  Hellion  
  132  9:10  Supply Depot x2  
  132  9:11  Supply Depot  
  132  9:12  Siege Tank  
  132  9:15  Viking  
  137  9:17  Hellion  
  137  9:21  Viking  
  141  9:31  Siege Tank  
  141  9:32  Hellion x2  
  141  9:37  Hellion  
  153  9:42  Hellion, Siege Tank  
  153  9:44  Hellion  
  153  9:45  Viking  
  159  9:50  Viking  
  161  9:56  SCV x2  
  163  10:02  SCV  
  163  10:04  Siege Tank  
  163  10:06  Missile Turret x2  
  163  10:07  Missile Turret x2  
  167  10:08  SCV  
  167  10:11  Siege Tank  
  167  10:12  SCV  
  172  10:15  Viking  
  172  10:19  Supply Depot  
  172  10:20  Viking, Hellion  
  178  10:23  Hellion  
  180  10:37  Refinery  
  180  10:39  Refinery  
  180  10:40  Siege Tank x2  
  180  10:41  Hellion  
  188  10:44  Orbital Command  
  188  10:46  Hellion  
  188  10:53  SCV x2  
  186  10:59  Hellion  
  186  11:04  Supply Depot x2  
  188  11:11  SCV, Siege Tank  
  184  11:13  Siege Tank x2  
  184  11:14  Hellion  
  184  11:16  Hellion, SCV  
  153  11:19  Viking  
  149  11:26  Factory x3, Hellion  
Tags
 
Add a new tag
Caveats
  • Supply blocks, unpowered buildings, or Contaminate may cause inaccurate times.
  • Supply counts are checked every 10 seconds.